 Dungeon Crawl Stone Soup version 0.23.2-40-g277498a (webtiles) character file.

Game seed: 15141148131100892756

773 Lorak the Cudgeler (level 7, -1/66 HPs)
             Began as a Deep Dwarf Fighter on Oct 13, 2019.
             Killed from afar by Dowan (14 damage)
             ... with a stone arrow
             ... on level 5 of the Dungeon.
             The game lasted 00:15:16 (3632 turns).

Lorak the Cudgeler (Deep Dwarf Fighter)             Turns: 3632, Time: 00:15:17

Health: -1/66      AC: 14    Str: 21    XL:     7   Next: 53%
Magic:  7/7        EV:  4    Int:  9    God:
Gold:   207        SH: 10    Dex: 12    Spells: 6/6 levels left

rFire    . . .     SeeInvis .   a - +0 flail
rCold    . . .     Gourm    .   c - +0 shield
rNeg     . . .     Faith    .   g - +1 plate armour
rPois    .         Spirit   .   (no helmet)
rElec    .         Reflect  .   (no cloak)
rCorr    .         Harm     .   m - +0 pair of gloves
MR       +....                  (no boots)
Stlth    ..........             (no amulet)
HPRegen  0.00/turn              (no ring)
MPRegen  0.10/turn              (no ring)

@: lethally poisoned (-1 -> -35), non-regenerating
A: damage resistance, heal wounds, sense surroundings 1, no regeneration
a: Heal Wounds


You were on level 5 of the Dungeon.
You were not hungry.

You visited 1 branch of the dungeon, and saw 5 of its levels.

You collected 207 gold pieces.

Inventory:

Hand Weapons
 a - a +0 flail (weapon)
Armour
 c - a +0 shield (worn)
 g - a +1 plate armour (worn)
 m - a +0 pair of gloves (worn)
Jewellery
 l - a +4 amulet of reflection {unknown}
 p - an uncursed ring of protection from fire {unknown}
 r - a +2 ring of intelligence {unknown}
 x - a cursed ring of see invisible {unknown}
Wands
 d - a wand of flame (10)
 o - a wand of acid (7)
 s - a wand of paralysis (3)
Scrolls
 e - 3 scrolls of identify
 j - a scroll of teleportation
 k - a scroll of magic mapping
Potions
 b - a potion of berserk rage {unknown}
 h - 3 potions of curing
 i - a potion of flight {unknown}
 n - a potion of cancellation {unknown}
 q - a potion of lignification {unknown}
 t - a potion of resistance {unknown}
 u - a potion of heal wounds {unknown}
Comestibles
 f - 8 rations


   Skills:
 + Level 4.3 Fighting
 * Level 5.5 Maces & Flails
 + Level 5.2 Armour
 + Level 5.3 Shields


You had 6 spell levels left.
You didn't know any spells.
Your spell library was empty.

Dungeon Overview and Level Annotations

Branches:
Dungeon (5/15)
 Temple: D:4-7

Altars:
Vehumet

Shops:
D:5 *

Annotations:
D:3 2 runed translucent doors, Keirns's ghost, amateur DgSk; Sigmund
D:5 Dowan; Menkaure


Innate Abilities, Weirdness & Mutations

You are resistant to damage.
You can heal yourself by infusing magical energy.
You passively map a small area around you.
You do not regenerate.


Message History

Dowan seems to find hidden reserves of power!
* * * LOW HITPOINT WARNING * * *
You feel very sick.
You feel much better.
You feel very sick.
You miss Dowan.
You feel very sick. Dowan barely misses you. You block Dowan's attack.
You miss Dowan.
* * * LOW HITPOINT WARNING * * *
You feel very sick. Dowan hits you but does no damage.
You block Dowan's attack.
Your shield and plate armour prevent you from hitting Dowan.
* * * LOW HITPOINT WARNING * * *
You feel very sick. Dowan hits you but does no damage.
You are more poisoned.
Dowan points at you and mumbles some strange words.
The stone arrow hits you!
You die...

* * ,? * #####* ,.. #### #...#
, ... #####..## ####...## e...
....#...## #.....e.#,.....
....#.#..## #.#####.#......
....#.##..### #)###.......e..
###.........####@#.e.##.......
# ###.##........e#.### .......
### #.##...........# . .......
..# #.##....#...≈.#....#...###
..###.#.................##...,
#.##.(†.......∩.........# ###.
#.....##................#
#.#...#####.≈...§.......# *
#.....# ##............,.


You could see Dowan.

Vanquished Creatures
  Duvessa (D:5)
  A sky beast (D:5)
  Blork the orc (D:4)
  A scorpion (D:4)
  2 howler monkeys
  A centaur zombie (D:4)
  A hound (D:4)
  An orc wizard (D:4)
  Terence (D:2)
  4 worker ants
  3 gnolls
  3 adders
  2 oozes
  An adder zombie (D:5)
  An adder skeleton (D:4)
  4 dart slugs
  4 leopard geckos
  6 orcs
  7 bats
  6 giant cockroaches
  6 goblins
  10 hobgoblins
  6 jackals
  5 frilled lizards
  8 kobolds
  6 rats
92 creatures vanquished.

Notes
Turn   | Place    | Note
-------+----------+-------------------------------------------
     0 | D:1      | Lorak the Deep Dwarf Fighter began the quest for the Orb.
     0 | D:1      | Reached XP level 1. HP: 20/20 MP: 1/1
    73 | D:1      | Reached XP level 2. HP: 22/27 MP: 2/2
   412 | D:1      | Reached XP level 3. HP: 18/33 MP: 3/3
   712 | D:2      | Noticed Terence
  1071 | D:2      | Found a faded altar of an unknown god.
  1171 | D:2      | Killed Terence
  1171 | D:2      | Reached XP level 4. HP: 41/42 MP: 4/4
  1587 | D:3      | Noticed Sigmund
  2107 | D:3      | Found a large runed translucent door.
  2107 | D:3      | Found a large runed translucent door.
  2108 | D:3      | Noticed Keirns's ghost (amateur DgSk)
  2309 | D:4      | Found a radiant altar of Vehumet.
  2369 | D:4      | Reached XP level 5. HP: 16/49 MP: 5/5
  2463 | D:4      | Reached XP level 6. HP: 45/56 MP: 6/6
  2530 | D:4      | Noticed Blork the orc
  2863 | D:4      | Killed Blork the orc
  2863 | D:4      | Reached skill level 5 in Maces & Flails
  2863 | D:4      | Reached XP level 7. HP: 45/64 MP: 7/7
  3175 | D:5      | Entered Level 5 of the Dungeon
  3178 | D:5      | Reached skill level 5 in Shields
  3192 | D:5      | Noticed Menkaure
  3353 | D:5      | Reached skill level 5 in Armour
  3531 | D:5      | Found Maunuf's Elemental Accessories.
  3585 | D:5      | Noticed Duvessa
  3585 | D:5      | Noticed Dowan
  3628 | D:5      | Killed Duvessa
  3632 | D:5      | Killed from afar by Dowan

Skill      XL: |  1  2  3  4  5  6  7 |
---------------+----------------------+-----
Fighting       | 3 4 |  4.3
Maces & Flails | 3 4 5 |  5.5
Shields        | 4 5 |  5.3
Armour         | 4 5 |  5.2

Action                   |  1- 3 |  4- 6 |  7- 9 || total
-------------------------+-------+-------+-------++-------
Melee: Flail             |   150 |   248 |    82 ||   480
 Abil: Heal Wounds       |     1 |     3 |     4 ||     8
  Use: Scroll            |       |     5 |     2 ||     7
       Potion            |       |     2 |       ||     2
  Eat: Chunk             |     1 |     6 |       ||     7
       Ration            |       |       |     1 ||     1
Armor: Scale mail        |     4 |       |       ||     4
       Plate armour      |    60 |   143 |    57 ||   260
Dodge: Dodged            |    35 |    36 |     8 ||    79
Block: Shield            |    56 |   124 |    36 ||   216
